 Dungeon Crawl Stone Soup version 0.30-b1-2-g02819fbbbe (webtiles) character file.

Game seed: 12595020037534760467

9948 kengeki the Thaumaturge (level 11, -1/54 HPs)
             Began as a Deep Elf Conjurer on Aug 7, 2023.
             Was a Priest of Vehumet.
             Slain by a two-headed ogre
             ... wielding a +0 dire flail
              (17 damage)
             ... on level 11 of the Dungeon on Aug 8, 2023.
             The game lasted 04:30:56 (14869 turns).

kengeki the Thaumaturge (Deep Elf Conjurer)        Turns: 14869, Time: 04:30:56

Health: -1/54      AC:  7    Str:  4    XL:     11   Next: 29%
Magic:  30/30      EV: 16    Int: 28    God:    Vehumet [***...]
Gold:   742        SH:  0    Dex: 19    Spells: 19/36 levels left

rFire   . . .        P - staff of conjuration
rCold   + . .        (no shield)
rNeg    . . .        a - +1 robe {rC+}
rPois   .            (no helmet)
rElec   .            C - scarf {+Inv}
rCorr   .            (no gloves)
SInv    .            (no boots)
Will    +....        E - amulet of faith
Stlth   ++           c - +4 ring of protection
HPRegen 0.29/turn    x - +6 ring of dexterity
MPRegen 0.22/turn

%: faith
@: no status effects
A: no striking features
a: Renounce Religion, Evoke Invisibility


You were on level 11 of the Dungeon.
You worshipped Vehumet.
Vehumet was most pleased with you.
You visited 3 branches of the dungeon, and saw 14 of its levels.

You collected 742 gold pieces.

Inventory:

Hand Weapons
 u - a +0 sling
Missiles
 d - 117 stones
 N - 6 poisoned darts
Armour
 a - a +1 robe of cold resistance (worn)
 i - the +0 leather armour "Riskaut" {rN+ Str+3}
   (You found it on level 10 of the Dungeon)

   Str:       It affects your strength (+3).
   rN:        It protects you from negative energy.
 C - a scarf of invisibility (worn)
 K - +0 steam dragon scales
Magical Staves
 j - a staff of fire
 P - a staff of conjuration (weapon)
Jewellery
 c - a +4 ring of protection (left hand)
 l - a ring of protection from fire
 x - a +6 ring of dexterity (right hand)
 E - an amulet of faith (around neck)
 G - a ring of wizardry
 H - an amulet of magic regeneration
Wands
 o - a wand of quicksilver (9) (quivered)
 I - a wand of iceblast (11)
 J - a wand of paralysis (7)
 S - a wand of mindburst (4)
Scrolls
 e - 2 scrolls of magic mapping
 g - 3 scrolls of poison
 h - 3 scrolls of amnesia
 k - 6 scrolls of teleportation
 m - a scroll of summoning
 p - 2 scrolls of fog
 s - a scroll of silence
 t - 2 scrolls of immolation
 w - 2 scrolls of enchant weapon
 y - a scroll of blinking
 F - a scroll of enchant armour
 O - a scroll of vulnerability
Potions
 b - a potion of magic
 f - 2 potions of lignification
 n - a potion of attraction
 q - 3 potions of flight
 r - 4 potions of heal wounds
 v - a potion of curing
 z - a potion of brilliance
 A - a potion of resistance
 B - a potion of might
 D - a potion of cancellation
 M - a potion of ambrosia {unknown}
 R - a potion of berserk rage {unknown}
Miscellaneous
 L - a phantom mirror
 Q - a box of beasts


   Skills:
 - Level 6.2 Dodging
 - Level 2.4 Stealth
 + Level 13.0 Spellcasting
 + Level 10.3 Conjurations
 + Level 4.0 Hexes
 - Level 9.0 Translocations
 - Level 3.1 Fire Magic
 + Level 2.3 Air Magic
 - Level 6.0 Evocations


You had 19 spell levels left.
You knew the following spells:

 Your Spells              Type           Power      Damage    Failure   Level
a - Magic Dart            Conj           100%       1d8       1%          1
b - Iskenderun's Mystic   Conj/Tloc      83%        2d16      1%          4
c - Searing Ray           Conj           100%       2d8       1%          2
d - Volatile Blastmotes   Fire/Tloc      100%       2d18      1%          3
e - Fulminant Prism       Conj/Hex       36%        3d18      1%          4
f - Swiftness             Air            31%        N/A       3%          3

Your spell library contained the following spells:

 Spells                   Type           Power      Damage    Failure   Level
 Ignite Poison            Fire/Tmut/Pois 24%        N/A       1%          3
 Kiss of Death            Conj/Necr      100%       2d13      1%          1
 Ensorcelled Hibernation  Hex/Ice        58%        N/A       1%          2
 Poisonous Vapours        Pois/Air       48%        N/A       1%          2
 Confusing Touch          Hex            41%        N/A       1%          3
 Dazzling Flash           Conj/Hex       100%       N/A       1%          3
 Frozen Ramparts          Ice            36%        1d6       2%          3
 Sting                    Tmut/Pois      72%        1d6       3%          1
 Passwall                 Tmut/Erth      15%        N/A       4%          2
 Olgreb's Toxic Radiance  Pois           18%        N/A       8%          4
 Dispel Undead            Necr           18%        3d11      28%         4
 Ice Form                 Ice/Tmut       18%        N/A       28%         4
 Summon Ice Beast         Ice/Summ       18%        N/A       28%         4
 Summon Mana Viper        Hex/Summ       29%        N/A       34%         5
 Monstrous Menagerie      Summ           9%         N/A       100%        7


Dungeon Overview and Level Annotations

Branches:
Dungeon (12/15)            Temple (1/1) D:6             Orc (1/2) D:10
   Lair: D:8-11

Altars:
Ashenzari
Cheibriados
Dithmenos
Elyvilon
Fedhas
Gozag
Hepliaklqana
Kikubaaqudgha
Makhleb
Nemelex Xobeh
Okawaru
Qazlal
Ru
Sif Muna
Trog
Uskayaw
Vehumet
Wu Jian
Xom
Yredelemnul
Zin
The Shining One

Shops:
D:11 *

Portals:
Abyss: D:8

Annotations:
D:8 2 transporters, diceflayer's ghost, novice DsGl
D:11 Kirke
Orc:1 Erolcha


Message History

Kirke casts a spell at you.
You struggle to resist.
You climb upwards.
There is a stone staircase leading down here.
Things that are here:
a +0 leather armour; a +0 whip Your magical contamination has completely faded away.
You start to feel a little faster.
You no longer feel sluggish.
You start resting.
HP restored.
You start resting.
Vehumet will no longer extend the range of your destructive spells.
You start resting.
Magic restored.
There is a stone staircase leading down here.
Things that are here:
a +0 leather armour; a +0 whip
There is an open door here.
You see here a scroll of noise.
There is an open door here.
There is a stone staircase leading down here.
You can't go up here!
You climb downwards.
Level annotation: Kirke
There is a stone staircase leading up here.
You climb upwards.
There is a stone staircase leading down here.
There is an open door here.
There is an open door here.
There is a stone staircase leading down here.
You climb downwards.
Level annotation: Kirke The two-headed ogre closely misses you.
The two-headed ogre hits you with a +0 giant club!
There is a stone staircase leading up, spattered with blood here.
The two-headed ogre hits you with a +0 dire flail!!
* * * LOW HITPOINT WARNING * * *
The two-headed ogre hits you with a +0 giant club!
You die...

# ....$. ## #...... .# .......
<# ....... .# ##..............
## #..............
#............) #@O.......)..
#.....[..).. #.........)
##.#......ยง#
###....#.###D#####. ..
.....................
#.#........##..##.###.###..
#### #.#........##..##........
...###.#......................


You could see a two-headed ogre.

Vanquished Creatures
  3 two-headed ogres (D:10)
  Sonja (D:11)
  A deep elf pyromancer (D:7)
  Maurice (D:11)
  2 komodo dragons (D:11)
  2 trolls
  2 hornets
  9 yaks (D:10)
  A hog (D:11)
  3 vampire mosquitoes (D:10)
  A steam dragon (D:8)
  A warg (D:10)
  A water moccasin (D:7)
  An acid dragon (D:11)
  An ice beast (D:7)
  A sky beast (D:5)
  6 orc warriors
  An ogre (D:4)
  4 centaurs
  2 phantoms
  A kobold brigand (D:9)
  2 bullfrogs (D:7)
  2 gnoll sergeants
  2 scorpions
  11 killer bees
  5 hounds
  7 orc priests
  A gnoll bouda (D:7)
  3 iguanas
  3 sleepcaps
  11 orc wizards
  A mummy (D:6)
  14 gnolls
  6 adders
  2 shadow imps
  3 white imps
  An ufetubus (D:5)
  2 worms
  5 dart slugs
  47 orcs
  6 ball pythons
  3 bats
  6 endoplasms
  3 giant cockroaches
  3 goblins
  5 hobgoblins
  3 jackals (D:1)
  4 quokkas
  4 frilled lizards
  3 hobgoblin zombies (D:6)
  8 kobolds
  A kobold zombie (D:6)
  5 rats
  21 fulminant prisms
248 creatures vanquished.

Vanquished Creatures (others)
  48 fulminant prisms
  24 plants (D:11)
72 creatures vanquished.

Grand Total: 320 creatures vanquished

Notes
Turn   | Place    | Note
-------+----------+-------------------------------------------
     0 | D:1      | kengeki the Deep Elf Conjurer began the quest for the Orb.
     0 | D:1      | Reached XP level 1. HP: 10/10 MP: 6/6
   267 | D:1      | Reached skill level 4 in Spellcasting
   267 | D:1      | Reached XP level 2. HP: 15/15 MP: 3/9
   936 | D:2      | Reached XP level 3. HP: 19/19 MP: 8/11
   968 | D:2      | Reached skill level 5 in Spellcasting
  2061 | D:3      | Reached XP level 4. HP: 24/24 MP: 8/13
  2067 | D:3      | Learned a level 4 spell: Iskenderun's Mystic Blast
  2125 | D:3      | Reached skill level 6 in Spellcasting
  2128 | D:3      | Learned a level 2 spell: Searing Ray
  2711 | D:3      | Found a glowing silver altar of Zin.
  2931 | D:4      | Reached skill level 1 in Translocations
  3249 | D:4      | Reached XP level 5. HP: 28/28 MP: 9/15
  3740 | D:4      | Noticed an ogre
  3968 | D:4      | Reached skill level 5 in Conjurations
  4113 | D:4      | Reached XP level 6. HP: 32/32 MP: 8/17
  4211 | D:4      | Reached skill level 7 in Spellcasting
  4449 | D:5      | Entered Level 5 of the Dungeon
  4491 | D:5      | Noticed a sky beast
  4727 | D:5      | Found a radiant altar of Vehumet.
  4731 | D:5      | Became a worshipper of Vehumet
  4886 | D:5      | Reached XP level 7. HP: 36/36 MP: 14/20
  4889 | D:5      | Reached skill level 8 in Spellcasting
  6009 | D:6      | Reached skill level 9 in Spellcasting
  6068 | D:6      | Found a staircase to the Ecumenical Temple.
  6269 | D:6      | Reached XP level 8. HP: 41/41 MP: 16/23
  6451 | D:6      | Reached skill level 5 in Translocations
  6925 | D:6      | Found a white marble altar of Elyvilon.
  6951 | D:6      | Reached * piety under Vehumet
  6951 | D:6      | Offered knowledge of Sandblast by Vehumet.
  7555 | Temple   | Entered the Ecumenical Temple
  8441 | D:7      | Found an ornate altar of the Wu Jian Council.
  8644 | D:7      | Reached skill level 5 in Dodging
  8644 | D:7      | Reached skill level 10 in Spellcasting
  8653 | D:7      | Noticed a hornet
  8752 | D:7      | Killed a hornet
  8753 | D:7      | Reached XP level 9. HP: 45/45 MP: 8/25
  9066 | D:7      | Noticed a deep elf pyromancer
  9401 | D:7      | Offered knowledge of Freeze by Vehumet.
  9762 | D:7      | Killed a deep elf pyromancer
  9762 | D:7      | Reached ** piety under Vehumet
 10213 | D:8      | Found a transporter.
 10219 | D:8      | Found a transporter.
 10260 | D:8      | Noticed diceflayer's ghost (novice DsGl)
 10455 | D:8      | Noticed a wizard
 10505 | D:8      | Reached skill level 11 in Spellcasting
 11114 | D:8      | Found a broken altar of Ashenzari.
 11114 | D:8      | Found a stormy altar of Qazlal.
 11120 | D:8      | Reached skill level 1 in Evocations
 11315 | D:8      | Found a one-way gate to the infinite horrors of the Abyss.
 11707 | D:9      | Offered knowledge of Volatile Blastmotes by Vehumet.
 11712 | D:9      | Learned a level 3 spell: Volatile Blastmotes
 12277 | D:10     | Entered Level 10 of the Dungeon
 12281 | D:10     | Reached XP level 10. HP: 50/50 MP: 14/27
 12326 | D:10     | Found a staircase to the Orcish Mines.
 12339 | D:10     | Reached *** piety under Vehumet
 12421 | D:10     | Noticed a two-headed ogre
 12434 | D:10     | Killed a two-headed ogre
 12570 | D:10     | Identified the +0 leather armour "Riskaut" {rN+ Str+3}
 12655 | D:10     | Learned a level 4 spell: Fulminant Prism
 12681 | D:10     | Reached skill level 12 in Spellcasting
 12881 | D:10     | Noticed a two-headed ogre
 12881 | D:10     | Noticed a two-headed ogre
 12886 | D:10     | Killed a two-headed ogre
 12887 | D:10     | Reached skill level 5 in Evocations
 12900 | D:10     | Killed a two-headed ogre
 13032 | D:10     | Reached skill level 1 in Hexes
 13032 | D:10     | Reached skill level 1 in Fire Magic
 13196 | D:10     | Offered knowledge of Ignite Poison by Vehumet.
 13377 | D:10     | Reached skill level 10 in Conjurations
 13410 | Orc:1    | Entered Level 1 of the Orcish Mines
 13414 | Orc:1    | Noticed Erolcha
 13418 | D:10     | Reached XP level 11. HP: 36/54 MP: 19/29
 13502 | D:11     | Noticed Maurice
 14062 | D:10     | Learned a level 3 spell: Swiftness
 14140 | D:11     | Noticed Sonja
 14146 | D:11     | Killed Sonja
 14146 | D:11     | Reached **** piety under Vehumet
 14147 | D:11     | Reached skill level 1 in Air Magic
 14235 | D:11     | Found Qaoqimna's Elemental Accessories.
 14265 | D:11     | Killed Maurice
 14580 | D:11     | Reached skill level 13 in Spellcasting
 14678 | D:12     | Noticed Kirke
 14868 | D:11     | Noticed a two-headed ogre
 14869 | D:11     | Slain by a two-headed ogre

Illustrated notes

Levels and vault maps discovered:
D:1:      roderic_dead_forest, layout_rooms, solitary_fountain, nrook_campfire,
          roderic_roman_lattice, minmay_misc_feat_hallway
D:2:      layout_loops_ring, chequers_serial_rivers_room_a
D:3:      layout_loops_corners, zin_scriptorium
D:4:      layout_rooms, st_stairs_4, minmay_three_crescents
D:5:      layout_loops_corners, marbit_many_paths
D:6:      layout_basic, elyvilon_altar_1, minmay_temple_entry_waves,
          minmay_mini_ossuary
D:7:      layout_loops_corners, nicolae_wu_jian_glorious_leap
D:8:      layout_cave_pools, gammafunk_temple_overflow_pools,
          gammafunk_ghost_abyssal_escape
D:9:      layout_rooms
D:10:     layout_roguey, david_orc_2
D:11:     minmay_octagon_keep, layout_rooms, david_lair_shrubbed,
          minmay_misc_feat_doors, nicolae_elemental_shop, uniq_sonja,
          uniq_josephine, uniq_maurice
D:12:     layout_loops_ring, uniq_kirke
Temple:   nicolae_temple_slightly_damp_pantheon
Orc:1:    layout_diamond_mine, basic_altar, nicolae_orc_flooded_monolith,
          uniq_erolcha, uniq_gastronok

Skill      XL: |  1  2  3  4  5  6  7  8  9 10 11 |
---------------+----------------------------------+-----
Spellcasting   | 4 5 6 7 9 10 11 12 13 | 13.0
Translocations | 2 3 4 6 7 9 |  9.0
Conjurations   | 5 6 7 8 10 | 10.3
Dodging        | 3 5 6 |  6.2
Evocations     | 3 6 |  6.0
Hexes          | 2 4 |  4.0
Fire Magic     | 2 3 |  3.1
Air Magic      | 2 |  2.3
Stealth        | |  2.4

Action                     |  1- 3 |  4- 6 |  7- 9 | 10-12 || total
---------------------------+-------+-------+-------+-------++-------
  Melee: Staff             |       |       |     2 |       ||     2
   Cast: Magic Dart        |    78 |    90 |    68 |     1 ||   237
         Searing Ray       |       |    18 |    93 |     6 ||   117
         Iskenderun's Myst |       |       |    44 |    12 ||    56
         Volatile Blastmot |       |       |     2 |     2 ||     4
         Fulminant Prism   |       |       |       |    72 ||    72
         Swiftness         |       |       |       |     1 ||     1
    Use: Scroll            |       |       |    15 |     3 ||    18
         Potion            |       |       |    10 |       ||    10
 Armour: Robe              |     1 |     7 |    10 |     2 ||    20
  Dodge: Dodged            |     4 |    20 |    39 |    11 ||    74
